 Dungeon Crawl Stone Soup version 0.24-a0-462-ge24419a6ad (console) character file.

Game seed: 15788635238801867336

15 Lexodia the Vexing (level 2, -1/20 HPs)
             Began as a Demonspawn Enchanter on July 2, 2019.
             Slain by an adder (3 damage)
             ... on level 2 of the Dungeon.
             The game lasted 00:01:46 (1010 turns).

Lexodia the Vexing (Demonspawn Enchanter)           Turns: 1010, Time: 00:01:46

Health: -1/20      AC:  2    Str:  8    XL:     2   Next: 34%
Magic:  0/5        EV: 12    Int: 16    God:
Gold:   15         SH:  0    Dex: 13    Spells: 2/5 levels left

rFire    . . .     SeeInvis .   a - +1 dagger
rCold    . . .     Gourm    .   (no shield)
rNeg     . . .     Faith    .   b - +0 robe
rPois    .         Spirit   .   (no helmet)
rElec    .         Reflect  .   (no cloak)
rCorr    .         Harm     .   (no gloves)
MR       .....                  (no boots)
Stlth    ++........             (no amulet)
HPRegen  0.06/turn              (no ring)
MPRegen  0.09/turn              (no ring)

@: lethally poisoned (-1 -> -8)
A: rot immunity
a: no special abilities


You were on level 2 of the Dungeon.
You were hungry.

You visited 1 branch of the dungeon, and saw 2 of its levels.

You collected 15 gold pieces.

Inventory:

Hand Weapons
 a - a +1 dagger (weapon)
Armour
 b - a +0 robe (worn)
Scrolls
 e - a scroll of teleportation {unknown}
 g - a scroll of identify {unknown}
Comestibles
 d - a ration
 f - 5 chunks of flesh


   Skills:
 + Level 0.5 Fighting
 * Level 1.6 Short Blades
 - Level 2.0 Dodging
 + Level 2.9 Stealth
 - Level 2.0 Spellcasting
 - Level 3.0 Hexes


You had 2 spell levels left.
You knew the following spells:

 Your Spells              Type           Power        Failure   Level  Hunger
a - Corona                Hex            ##.....      6%          1    #......
b - Ensorcelled Hibernat  Hex/Ice        #.....       17%         2    ###....

Your spell library contained the following spells:

 Spells                   Type           Power        Failure   Level  Hunger
 Confuse                  Hex            ##......     19%         3    ###....
 Tukima's Dance           Hex            ##......     19%         3    ###....
 Dazzling Spray           Conj/Hex       #.....       32%         3    ###....


Dungeon Overview and Level Annotations

Branches:
Dungeon (2/15)

Altars:


Innate Abilities, Weirdness & Mutations

You are immune to rotting.


Message History

Huge Dmg: -45%(-9hp) hp: 25%(5hp)
Casting: Corona (safe; 6% risk of failure)
Confirm with . or Enter, or press ? or * to list all spells.
Aiming: Corona (safe; 6% risk of failure)
Press: ? - help, Shift-Dir - straight line, f/p - adder
Aim: an adder (chance to defeat MR: 55%)
The adder is outlined in light.
You are feeling hungry.
* * * LOW HITPOINT WARNING * * *
You feel sick. The adder closely misses you.
Damage: -5%(-1hp) hp: 20%(4hp)
You hit the adder.
The adder is moderately wounded.
The adder bites you.
* * * LOW HITPOINT WARNING * * *
Huge Dmg: -10%(-2hp) hp: 10%(2hp)
You hit the adder but do no damage.
The adder is lightly wounded.
The adder bites you.
You die...

..# ####..
##....#
####.....##
.........#
#.......#
#..S....#..
#.@..>....
##...#....
#.#####..## .
#........##....
####...<.....#
##...!...##
##.###### #.#
...


You could see an adder.

Vanquished Creatures
  A leopard gecko (D:1)
  A bat (D:1)
  3 goblins (D:1)
  2 hobgoblins (D:1)
  2 kobolds (D:1)
  5 rats (D:1)
14 creatures vanquished.

Notes
Turn   | Place    | Note
-------+----------+-------------------------------------------
     0 | D:1      | Lexodia the Demonspawn Enchanter began the quest for the
                  | Orb.
     0 | D:1      | Reached XP level 1. HP: 13/13 MP: 3/3
    62 | D:1      | Reached skill level 1 in Short Blades
    72 | D:1      | Huge Dmg: 3 dmg
    74 | D:1      | Huge Dmg: 3 dmg
   374 | D:1      | Huge Dmg: 3 dmg
   377 | D:1      | Gained mutation: You are immune to rotting. [demonic
                  | ancestry]
   377 | D:1      | Reached XP level 2. HP: 13/19 MP: 3/5
   434 | D:1      | Huge Dmg: 3 dmg
   435 | D:1      | Huge Dmg: 3 dmg
   444 | D:1      | Huge Dmg: 4 dmg
   761 | D:1      | Learned a level 2 spell: Ensorcelled Hibernation
   998 | D:2      | Huge Dmg: 5 dmg
  1000 | D:2      | Huge Dmg: 4 dmg
  1002 | D:2      | Huge Dmg: 1 dmg
  1006 | D:2      | Huge Dmg: 4 dmg
  1008 | D:2      | Huge Dmg: 9 dmg
  1010 | D:2      | Huge Dmg: 2 dmg
  1010 | D:2      | Slain by an adder

Levels and vault maps discovered:
D:1:      dpeg_arrival_rooms_b, layout_loops_ring, feat_on_display
D:2:      layout_loops_cross, kennysheep_okawaru_gauntlet, lemuel_crystal_altar,
          hangedman_decor_growths, uniq_terence, uniq_robin

Skill      XL: |  1 |
---------------+----+-----
Short Blades   | 1 |  1.6
Dodging        | 2 |  2.0
Fighting       | |  0.5
Stealth        | |  2.9
Spellcasting   | |  2.0
Hexes          | |  3.0

Action                   || total
-------------------------++-------
Melee: Dagger            ||    67
 Cast: Corona            ||     4
       Ensorcelled Hiber ||     2
  Use: Potion            ||     1
 Stab: Sleeping          ||     5
Armor: Robe              ||     5
Dodge: Dodged            ||    35

Table legend:
 A = Non-vault XP
 B = Vault XP
 C = Vault XP percentage of total XP
 D = Non-vault monster count
 E = Vault monster count
 F = Vault count percentage of total count
                 A         B        C        D         E       F
            +---------+---------+-------+---------+---------+-------
      Total |      22 |       0 |   0.0 |      14 |       0 |   0.0
            +---------+---------+-------+---------+---------+-------
        D:1 |      22 |       0 |   0.0 |      14 |       0 |   0.0
            +---------+---------+-------+---------+---------+-------
